 Dungeon Crawl Stone Soup version 0.24-a0-809-g71cb82dfb8 (webtiles) character file.

Game seed: 784267321236418198, levelgen mode: deterministic

9654 GordonOverkill the Arsonist (level 11, 0/118 HPs)
             Began as a Demonspawn Fire Elementalist on Oct 10, 2019.
             Was a High Priest of Ru.
             Slain by a white ugly thing (33 damage)
             ... on level 11 of the Dungeon on Oct 11, 2019.
             The game lasted 00:29:50 (13167 turns).

GordonOverkill the Arsonist (DsFE)                 Turns: 13167, Time: 00:29:50

Health: 0/118      AC:  8    Str: 14    XL:     11   Next: 25%
Magic:  0/16       EV: 15    Int: 19    God:    Ru [*****.]
Gold:   461        SH:  0    Dex: 20    Spells: 9/17 levels left

rFire    + . .     SeeInvis .   a - +7 broad axe (chop)
rCold    . . .     Gourm    +   (shield unavailable)
rNeg     + . .     Faith    .   j - +0 leather armour {rF+}
rPois    .         Spirit   +   e - +2 hat
rElec    .         Reflect  .   D - scarf {Spirit}
rCorr    .         Harm     .   (no gloves)
MR       .....                  (no boots)
Stlth    ..........             d - amulet of the gourmand
HPRegen  0.29/turn              (ring unavailable)
MPRegen  0.15/turn              n - ring "Unlamp" {+Blink rN+ Dex+6}

@: berserking, no potions, lightly drained, very quick
A: antennae 2, icy blue scales 2, spiny 2, inability to drink while threatened,
missing a hand, no stealth, unskilled 1
a: Draw Out Power, Power Leap, Apocalypse, Renounce Religion, Evoke Blink


You were on level 11 of the Dungeon.
You worshipped Ru.
Ru was extremely pleased with you.
You were very full.

You visited 1 branch of the dungeon, and saw 11 of its levels.
You also visited: Sewer.

You collected 461 gold pieces.

Inventory:

Hand Weapons
 a - a +7 broad axe of chopping (weapon)
 b - a +4 eveningstar of protection
 E - a +5 whip of electrocution
Missiles
 i - 325 stones
 w - 10 boomerangs (quivered)
 y - 3 javelins
 I - a throwing net
Armour
 e - a +2 hat (worn)
 j - a +0 leather armour of fire resistance (worn)
 D - a scarf of spirit shield (worn)
Jewellery
 d - an amulet of the gourmand (around neck)
 n - the ring "Unlamp" (right hand) {+Blink rN+ Dex+6}
   (You found it on level 7 of the Dungeon)

   [ring of positive energy]

   It affects your dexterity (+6).
   It protects you from negative energy.
   It lets you blink.
 u - an uncursed ring of fire
 C - an uncursed ring of protection from cold
Wands
 B - a wand of iceblast (11)
Scrolls
 f - 2 scrolls of amnesia
 g - 11 scrolls of teleportation
 k - 10 scrolls of remove curse
 o - 3 scrolls of fear
 p - 4 scrolls of fog
 r - 2 scrolls of magic mapping
 H - a scroll of blinking
Potions
 h - 7 potions of heal wounds {unknown}
 l - 3 potions of agility
 q - 3 potions of curing {unknown}
 v - a potion of resistance {unknown}
 x - 3 potions of flight {unknown}
 A - 2 potions of brilliance {unknown}
 F - a potion of magic {unknown}
Comestibles
 c - 22 rations
 m - 3 chunks of flesh


   Skills:
 - Level 5.0(4.6) Fighting
 + Level 4.7 Axes
 - Level 2.4(3.5) Maces & Flails
 - Level 5.0(4.6) Armour
 - Level 5.0(4.6) Dodging
 - Level 3.6(3.2) Spellcasting
 - Level 3.6(3.2) Conjurations
 - Level 10.1(9.7) Fire Magic


You had 9 spell levels left.
You knew the following spells:

 Your Spells              Type           Power        Failure   Level  Hunger
a - Flame Tongue          Conj/Fire      ####.        1%          1    None
b - Conjure Flame         Conj/Fire      ####....     3%          3    ###....
c - Sticky Flame          Conj/Fire      ####....     13%         4    ####...

Your spell library contained the following spells:

 Spells                   Type           Power        Failure   Level  Hunger
 Throw Flame              Conj/Fire      ####..       1%          2    ##.....
 Magic Dart               Conj           ###.         4%          1    None
 Inner Flame              Hex/Fire       ###.....     8%          3    ###....
 Blink                    Tloc           N/A          28%         2    ##.....
 Call Imp                 Summ           #.......     28%         2    ##.....
 Slow                     Hex            #.......     28%         2    ##.....
 Mephitic Cloud           Conj/Pois/Air  #.......     34%         3    ###....
 Fireball                 Conj/Fire      ####......   34%         5    ######.


Dungeon Overview and Level Annotations

Branches:
Dungeon (11/15)            Temple (0/1) D:4            Lair (0/6) D:8
  Sewer (visited)
    Orc: D:9-12

Altars:
Cheibriados
Elyvilon
Gozag
Hepliaklqana
Okawaru
Ru
Sif Muna
Trog
Uskayaw
Vehumet
Wu Jian
Xom
Yredelemnul
The Shining One

Shops:
D:8 *

Annotations:
D:9 3 runed translucent doors, Beuntocw's ghost, novice TrHu


Innate Abilities, Weirdness & Mutations

You have a pair of antennae on your head.
You are mostly covered in icy blue scales. (AC +3)
You are mostly covered in sharp spines.
You cannot drink potions while threatened.
You are missing a hand.
You cannot be stealthy.
You are somewhat unskilled. (-1 Apt)


Message History

The fire ignites!
You can drink potions again.
A killer bee comes into view.
The killer bee moves out of view.
A white ugly thing comes into view.
The white ugly thing gurgles horribly!
Casting: Conjure Flame (safe; 4% risk of failure)
Confirm with . or Enter, or press ? or * to list all spells.
Aiming: Conjure Flame (safe; 4% risk of failure)
Press: ? - help, Dir - move target cursor The fire ignites!
A red film seems to cover your vision as you go berserk!
You feel yourself moving faster!
You feel mighty!
The white ugly thing is engulfed in blazing flames.
The white ugly thing is struck by your spines.
The white ugly thing headbutts you.
* * * LOW HITPOINT WARNING * * *
The white ugly thing freezes you!!
You feel threatened and lose the ability to drink potions!
You die...

######.#######.######
#.# #y# #.# #.# #.# #y#
#.# #.# #.# #{# #.# #{#
##<#######W######
............@u.........
#.#####.#######.######.
#.# #.# #.# #.# #.# #.#
#.# #.# #.# #.. ..


You could see a white ugly thing and a wraith.

Vanquished Creatures
  Gastronok (D:8)
  Pikel (D:4)
  A hornet (D:10)
  3 hippogriffs
  9 yaks
  A wyvern (D:9)
  2 hungry ghosts
  Grum (D:9)
  Edmund (D:5)
  Menkaure (D:5)
  2 water moccasins (D:8)
  An orc warrior (D:6)
  A black bear (D:4)
  2 phantoms
  5 ogres
  2 sky beasts
  2 wolves (D:9)
  A centaur (D:5)
  A crocodile (D:7)
  2 big kobolds
  5 bullfrogs
  A wyvern skeleton (D:8)
  3 scorpions
  A water moccasin skeleton (D:5)
  6 howler monkeys
  5 crimson imps
  7 centaur zombies
  4 jellies
  A bullfrog zombie (D:4)
  5 orc priests
  A bullfrog skeleton (D:4)
  8 hounds
  6 orc wizards
  A centaur skeleton (D:4)
  2 iguanas
  10 worker ants
  2 hound skeletons
  A howler monkey zombie (D:4)
  6 worker ant zombies
  2 gnolls (D:8)
  A howler monkey skeleton (D:10)
  12 adders
  3 river rats
  An ooze (D:3)
  2 adder zombies
  2 adder skeletons
  3 worms
  8 leopard geckos
  26 orcs
  3 ball pythons
  4 bats
  3 giant cockroaches
  6 goblins
  10 hobgoblins
  11 jackals
  3 frilled lizards
  A giant cockroach zombie (D:4)
  A jackal zombie (D:4)
  16 kobolds
  A quokka zombie (D:4)
  18 rats
252 creatures vanquished.

Vanquished Creatures (others)
  A slave (D:4)
  A leopard gecko (D:4)
  A giant cockroach (D:4)
  A leopard gecko skeleton (D:4)
4 creatures vanquished.

Grand Total: 256 creatures vanquished

Notes
Turn   | Place    | Note
-------+----------+-------------------------------------------
     0 | D:1      | GordonOverkill the Demonspawn Fire Elementalist began the
                  | quest for the Orb.
     0 | D:1      | Reached XP level 1. HP: 13/13 MP: 3/3
   517 | D:1      | Reached skill level 3 in Fire Magic
   625 | D:1      | Gained mutation: You are partially covered in icy blue
                  | scales. (AC +2) [demonic ancestry]
   625 | D:1      | Reached XP level 2. HP: 19/19 MP: 3/5
  1417 | D:2      | Found a glowing golden altar of the Shining One.
  1583 | D:2      | Gained mutation: You have a pair of small antennae on your
                  | head. [demonic ancestry]
  1583 | D:2      | Reached XP level 3. HP: 24/24 MP: 4/6
  1649 | D:2      | Reached skill level 4 in Fire Magic
  1900 | D:2      | Found a sacrificial altar of Ru.
  1916 | D:2      | Became a worshipper of Ru the Awakened
  2374 | D:2      | Noticed a phantom
  2498 | D:3      | Gained mutation: You are partially covered in sharp spines.
                  | [demonic ancestry]
  2498 | D:3      | Reached XP level 4. HP: 30/30 MP: 5/7
  2503 | D:3      | Learned a level 3 spell: Conjure Flame
  2575 | D:3      | Found a radiant altar of Vehumet.
  2986 | D:3      | Found a hazy altar of Hepliaklqana.
  2988 | D:3      | Found a white marble altar of Elyvilon.
  2988 | D:3      | Found a shimmering blue altar of Sif Muna.
  2991 | D:3      | Found an ornate altar of the Wu Jian Council.
  3315 | D:3      | Found a hide-covered altar of Uskayaw.
  3567 | D:3      | Reached skill level 5 in Fire Magic
  3579 | D:3      | Gained mutation: You cannot drink potions while threatened.
                  | [Ru sacrifice]
  3579 | D:3      | Reached * piety under Ru
  3760 | D:4      | Reached XP level 5. HP: 33/35 MP: 1/8
  4019 | D:4      | Reached skill level 6 in Fire Magic
  4101 | D:4      | Found a staircase to the Ecumenical Temple.
  4149 | D:4      | Gained mutation: You are mostly covered in icy blue scales.
                  | (AC +3) [demonic ancestry]
  4149 | D:4      | Reached XP level 6. HP: 41/41 MP: 4/9
  4332 | D:4      | Learned a level 4 spell: Sticky Flame
  4604 | D:4      | Reached skill level 7 in Fire Magic
  4784 | D:4      | Reached XP level 7. HP: 38/46 MP: 2/10
  4915 | D:4      | Noticed Pikel
  4930 | D:4      | Killed Pikel
  4930 | D:4      | Reached skill level 9 in Fire Magic
  4930 | D:4      | Reached XP level 8. HP: 52/52 MP: 4/11
  5667 | D:5      | Entered Level 5 of the Dungeon
  5828 | D:5      | Found a glowing drain.
  5845 | Sewer    | Entered a sewer
  5858 | Sewer    | Reached skill level 10 in Fire Magic
  6052 | Sewer    | Found a white marble altar of Elyvilon.
  6343 | D:5      | Noticed Menkaure
  6356 | D:5      | Killed Menkaure
  6907 | D:5      | Gained mutation: You are missing a hand. [Ru sacrifice]
  6907 | D:5      | Reached ** piety under Ru
  6907 | D:5      | Reached *** piety under Ru
  6907 | D:5      | Reached **** piety under Ru
  6930 | D:5      | Reached skill level 11 in Fire Magic
  6930 | D:5      | Gained mutation: You are mostly covered in sharp spines.
                  | [demonic ancestry]
  6930 | D:5      | Reached XP level 9. HP: 57/57 MP: 8/12
  7193 | D:5      | Noticed Edmund
  7346 | D:5      | Killed Edmund
  7346 | D:5      | Reached skill level 1 in Fighting
  8362 | D:7      | Found an opulent altar of Gozag.
  8431 | D:7      | Found a shimmering altar of Xom.
  8582 | D:7      | Got a scorched bronze ring
  8644 | D:7      | Upgraded the game from 0.24-a0-789-g35933f4585 to
                  | 0.24-a0-809-g71cb82dfb8
  8983 | D:7      | Identified the ring "Unlamp" {+Blink rN+ Dex+6} (You found
                  | it on level 7 of the Dungeon)
  9294 | D:8      | Found a staircase to the Lair.
  9323 | D:8      | Reached skill level 1 in Armour
  9391 | D:8      | Noticed Gastronok
  9704 | D:8      | Noticed a moth of wrath
  9730 | D:8      | Found a bloodstained altar of Trog.
  9829 | D:8      | Gained mutation: You are somewhat unskilled. (-1 Apt) [Ru
                  | sacrifice]
  9829 | D:8      | Reduced skill Fire Magic to level 10
  9829 | D:8      | Reached ***** piety under Ru
  9924 | D:8      | Reached XP level 10. HP: 66/70 MP: 15/15
 10699 | D:8      | Found Heofal's General Store.
 10753 | D:8      | Killed Gastronok
 10753 | D:8      | Reached skill level 5 in Fighting
 10767 | D:8      | Found an iron altar of Okawaru.
 10998 | D:9      | Reached skill level 5 in Dodging
 11001 | D:9      | Found a snail-covered altar of Cheibriados.
 11173 | D:9      | Found a runed translucent gate.
 11173 | D:9      | Found a runed translucent gate.
 11173 | D:9      | Found a runed translucent gate.
 11173 | D:9      | Noticed Beuntocw's ghost (novice TrHu)
 11287 | D:9      | Reached skill level 1 in Maces & Flails
 11331 | D:9      | Noticed Grum
 11340 | D:9      | Killed Grum
 11668 | D:9      | Found a basalt altar of Yredelemnul.
 11965 | D:9      | Reached skill level 5 in Armour
 12145 | D:10     | Entered Level 10 of the Dungeon
 12150 | D:10     | Identified 4 scrolls of acquirement
 12156 | D:10     | Gained mutation: You cannot be stealthy. [Ru sacrifice]
 12228 | D:10     | Reached skill level 1 in Axes
 12234 | D:10     | Gained mutation: You have a pair of antennae on your head.
                  | [demonic ancestry]
 12234 | D:10     | Reached XP level 11. HP: 51/79 MP: 12/16
 12476 | D:10     | Paralysed by a hornet for 3 turns
 13162 | D:11     | Noticed a white ugly thing
 13167 | D:11     | Slain by a white ugly thing

Levels and vault maps discovered:
D:1:      tarquinn_simple_flora_water_a, layout_basic,
          hangedman_decor_slide_cut, minmay_unequal
D:2:      kennysheep_big_flooded_room, layout_basic, old_standard_altar,
          tso_metal_star, first_ration, hex_intersection
D:3:      layout_loops_corners, marbit_many_paths,
          grunt_temple_overflow_cloverleaf, vehumet_crystals, kennysheep_nub
D:4:      black_bear_nest_2, layout_loops_ring, temple_statues, serial_undead,
          serial_undead_c, serial_undead_a, serial_undead_e, serial_undead_e,
          serial_undead_d, serial_undead_a, serial_undead_f,
          kennysheep_big_empty_room, minmay_misc_feat_square, uniq_pikel
D:5:      layout_rooms, gup_sewer_entry_bubbles, chequers_hall_statues_y,
          uniq_menkaure, uniq_edmund
D:6:      minmay_klotski, layout_basic
D:7:      layout_rooms, xom_teletrap_fun, lemuel_crystal_altar
D:8:      layout_basic, tgw_trog, dpeg_oklobed_lair, serial_shops,
          nicolae_shop_crystal, okawaru_altar_gauntlet_db, uniq_gastronok
D:9:      layout_stronghold, lemuel_crystal_altar, slow_altar_1,
          ebering_ghost_rock_garden, uniq_grum
D:10:     layout_cave_pools, enter_trove_1, enter_bailey_8, minmay_holes
D:11:     layout_small_grid, orc_0_dummy, serial_shops, nicolae_shop_statue_plus

Skill      XL: |  1  2  3  4  5  6  7  8  9 10 11 |
---------------+----------------------------------+-----
Fire Magic     | 3 4 5 6 7 9 11 10 | 10.1
Fighting       | 3 5 |  5.0
Dodging        | 3 5 |  5.0
Conjurations   | 3 |  3.6
Spellcasting   | 3 |  3.6
Armour         | 1 5 |  5.0
Maces & Flails | 2 |  2.4
Stealth        | 0 |  0.0
Axes           | 2 4 |  4.7

Action                   |  1- 3 |  4- 6 |  7- 9 | 10-12 || total
-------------------------+-------+-------+-------+-------++-------
Melee: Spear             |     2 |     8 |    43 |       ||    53
       Whip              |       |       |    57 |    88 ||   145
       Broad axe         |       |       |       |    59 ||    59
Throw: Stone             |    14 |     5 |       |       ||    19
       Javelin           |    21 |    21 |       |       ||    42
       Boomerang         |       |     4 |    55 |     2 ||    61
 Cast: Flame Tongue      |    44 |    88 |   184 |    11 ||   327
       Sticky Flame      |       |     1 |    13 |     5 ||    19
       Conjure Flame     |       |       |     1 |     3 ||     4
Invok: Sacrifice Drink   |       |     1 |       |       ||     1
       Sacrifice a Hand  |       |       |     1 |       ||     1
       Sacrifice Skill   |       |       |     1 |       ||     1
       Sacrifice Stealth |       |       |       |     1 ||     1
       Apocalypse        |       |       |       |     1 ||     1
  Use: Scroll            |       |       |    18 |    11 ||    29
       Potion            |       |       |       |     5 ||     5
 Stab: Sleeping          |       |       |     2 |     2 ||     4
       Invisible         |       |       |     1 |     1 ||     2
       Distracted        |       |       |       |     1 ||     1
       Paralysed         |       |       |       |     1 ||     1
  Eat: Chunk             |     5 |     8 |    31 |    19 ||    63
Armor: Robe              |     3 |    13 |    30 |       ||    46
       Leather armour    |       |       |     3 |    35 ||    38
       Skin              |       |       |     1 |       ||     1
Dodge: Dodged            |     7 |    37 |    73 |    82 ||   199

Table legend:
 A = Non-vault XP
 B = Vault XP
 C = Vault XP percentage of total XP
 D = Non-vault monster count
 E = Vault monster count
 F = Vault count percentage of total count
                 A         B        C        D         E       F
            +---------+---------+-------+---------+---------+-------
      Total |    9649 |    4143 |  30.0 |     194 |      58 |  23.0
            +---------+---------+-------+---------+---------+-------
        D:1 |      13 |       4 |  23.5 |       8 |       3 |  27.3
        D:2 |     187 |      14 |   7.0 |      15 |       2 |  11.8
        D:3 |      69 |       2 |   2.8 |      23 |       1 |   4.2
        D:4 |     411 |    1043 |  71.7 |      18 |      15 |  45.5
        D:5 |     819 |     375 |  31.4 |      25 |      10 |  28.6
        D:6 |     636 |       0 |   0.0 |      11 |       0 |   0.0
        D:7 |    1334 |       0 |   0.0 |      27 |       0 |   0.0
        D:8 |    1020 |    2143 |  67.8 |      29 |      12 |  29.3
        D:9 |    1535 |     433 |  22.0 |      13 |       4 |  23.5
       D:10 |    3625 |       0 |   0.0 |      25 |       0 |   0.0
      Sewer |       0 |     129 | 100.0 |       0 |      11 | 100.0
            +---------+---------+-------+---------+---------+-------
